BSA
NEW ORLEANS LOOTERS @ BAFFIN ISLAND BEAVERS
09/18/2027
 
TOP OF THE 1ST
New Orleans Looters batting - Pitching for Baffin Island Beavers : RHP Jesse Little
Pitching: RHP Jesse Little
Batting: SHB Arturo Sánchez 0-0: Ball
1-0: Swinging Strike
1-1: Ball
2-1: Called Strike
2-2: Strikes out looking
Batting: RHB Stephen Shaw 0-0: DOUBLE (Groundball, 5L)
Batting: LHB Taylor Smith 0-0: Swinging Strike
0-1: Ball
1-1: Ball
2-1: Foul Ball, location: 2F
2-2: SINGLE (Groundball, 34D)
Stephen Shaw to third
Batting: RHB Francisco Ibarra 0-0: Fly out, F9 (Flyball, 89M)
Runner from 3rd tags up, SCORES, throw made
Batting: SHB Nate Rhodes 0-0: Ball
1-0: Foul Ball, location: 2F
1-1: Ground out 5-3 (Groundball, 2L)
Top of the 1st over - 1 run(s), 2 hit(s), 0 error(s), 1 left on base; New Orleans 1 - Baffin Island 0
BOTTOM OF THE 1ST
Baffin Island Beavers batting - Pitching for New Orleans Looters : RHP Marty Bradford
Pitching: RHP Marty Bradford
Batting: LHB Norberto Muńóz 0-0: Swinging Strike
0-1: Ball
1-1: Called Strike
1-2: DOUBLE (Line Drive, 9LM)
Batting: LHB Howard Evans 0-0: Foul Ball, location: 2F
0-1: Called Strike
0-2: Foul Ball, location: 2F
0-2: Ball
1-2: Ball
2-2: SINGLE (Line Drive, 34)
Norberto Muńóz to third
Batting: RHB Tony Morton 0-0: Swinging Strike
0-1: Ball
1-1: Foul Ball, location: 2F
1-2: Foul Ball, location: 2F
1-2: Foul Ball, location: 2F
1-2: SINGLE (Groundball, 6) (infield hit)
Norberto Muńóz scores
Howard Evans to second
Batting: LHB Chris Bates 0-0: Called Strike
0-1: Swinging Strike
0-2: Fly out, F7 (Flyball, 7S)
Batting: RHB Dave Craig 0-0: Grounds into double play, 4-6-3 (Groundball, 4)
Bottom of the 1st over - 1 run(s), 3 hit(s), 0 error(s), 1 left on base; New Orleans 1 - Baffin Island 1
TOP OF THE 2ND
New Orleans Looters batting - Pitching for Baffin Island Beavers : RHP Jesse Little
Batting: RHB Dave O'Loan 0-0: Called Strike
0-1: Ball
1-1: Foul Ball, location: 2F
1-2: Strikes out swinging
Batting: RHB Rubén Vázquez 0-0: Swinging Strike
0-1: Ball
1-1: Ball
2-1: SINGLE (Line Drive, 6MD)
Batting: LHB Miguel Colón 0-0: Called Strike
0-1: Called Strike
0-2: Ball
1-2: Strikes out swinging
Batting: RHB John Anderson 0-0: Ball
Rubén Vázquez steals 2nd base
1-0: Fly out, F4 (Popup, 4)
Top of the 2nd over - 0 run(s), 1 hit(s), 0 error(s), 1 left on base; New Orleans 1 - Baffin Island 1
BOTTOM OF THE 2ND
Baffin Island Beavers batting - Pitching for New Orleans Looters : RHP Marty Bradford
Batting: LHB Mike MacFadden 0-0: Ball
1-0: Ground out 4-3 (Groundball, 4)
Batting: RHB Raúl Soto 0-0: Fly out, F9 (Flyball, 9LMF)
Batting: RHB Mario López 0-0: Fly out, F2 (Popup, 23)
Bottom of the 2nd over - 0 run(s), 0 hit(s), 0 error(s), 0 left on base; New Orleans 1 - Baffin Island 1
TOP OF THE 3RD
New Orleans Looters batting - Pitching for Baffin Island Beavers : RHP Jesse Little
Batting: SHB Arturo Sánchez 0-0: Ball
1-0: Ground out 5-3 (Groundball, 2L)
Batting: RHB Stephen Shaw 0-0: Ground out 6-3 (Groundball, 6)
Batting: LHB Taylor Smith 0-0: Ball
1-0: Ground out U3 (Groundball, 3)
Top of the 3rd over - 0 run(s), 0 hit(s), 0 error(s), 0 left on base; New Orleans 1 - Baffin Island 1
BOTTOM OF THE 3RD
Baffin Island Beavers batting - Pitching for New Orleans Looters : RHP Marty Bradford
Batting: LHB Javier Orozco 0-0: Reached on error, E3 (Groundball, 3)
Batting: LHB Norberto Muńóz 0-0: Foul Ball, location: 2F
0-1: Ball
1-1: Ball
Javier Orozco is caught stealing 2nd base
2-1: Ground out 4-3 (Groundball, 34)
Batting: LHB Howard Evans 0-0: Called Strike
0-1: Swinging Strike
0-2: Ball
1-2: Foul Ball, location: 2F
1-2: Ball
2-2: Foul Ball, location: 2F
2-2: Strikes out swinging
Bottom of the 3rd over - 0 run(s), 0 hit(s), 1 error(s), 0 left on base; New Orleans 1 - Baffin Island 1
TOP OF THE 4TH
New Orleans Looters batting - Pitching for Baffin Island Beavers : RHP Jesse Little
Batting: RHB Francisco Ibarra 0-0: Foul Ball, location: 2F
0-1: Foul Ball, location: 2F
0-2: Strikes out swinging
Batting: SHB Nate Rhodes 0-0: Ball
1-0: Ball
2-0: Called Strike
2-1: Foul Ball, location: 2F
2-2: Strikes out looking
Batting: RHB Dave O'Loan 0-0: Ball
1-0: Ground out 6-3 (Groundball, 6)
Top of the 4th over - 0 run(s), 0 hit(s), 0 error(s), 0 left on base; New Orleans 1 - Baffin Island 1
BOTTOM OF THE 4TH
Baffin Island Beavers batting - Pitching for New Orleans Looters : RHP Marty Bradford
Batting: RHB Tony Morton 0-0: Ball
1-0: Ball
2-0: Swinging Strike
2-1: Ball
3-1: Ground out 4-3 (Groundball, 4)
Batting: LHB Chris Bates 0-0: Called Strike
0-1: Ball
1-1: Ball
2-1: Ball
3-1: Ground out U3 (Groundball, 34)
Batting: RHB Dave Craig 0-0: Foul Ball, location: 2F
0-1: Ball
1-1: Foul Ball, location: 2F
1-2: Ground out 5-3 (Groundball, 5S)
Bottom of the 4th over - 0 run(s), 0 hit(s), 0 error(s), 0 left on base; New Orleans 1 - Baffin Island 1
TOP OF THE 5TH
New Orleans Looters batting - Pitching for Baffin Island Beavers : RHP Jesse Little
Batting: RHB Rubén Vázquez 0-0: Called Strike
0-1: Ball
1-1: Ball
2-1: Ball
3-1: Foul Ball, location: 2F
3-2: Fly out, F8 (Line Drive, 78M)
Batting: LHB Miguel Colón 0-0: Ball
1-0: Foul Ball, location: 2F
1-1: Called Strike
1-2: Foul Ball, location: 2F
1-2: Foul Ball, location: 2F
1-2: Ball
2-2: Ball
3-2: Ground out 3-1 (Groundball, 34)
Batting: RHB John Anderson 0-0: Ball
1-0: Ball
2-0: SINGLE (Groundball, 34D)
Batting: SHB Arturo Sánchez 0-0: Ball
1-0: Foul Ball, location: 2F
1-1: Foul Ball, location: 2F
1-2: Ball
2-2: Strikes out swinging
Top of the 5th over - 0 run(s), 1 hit(s), 0 error(s), 1 left on base; New Orleans 1 - Baffin Island 1
BOTTOM OF THE 5TH
Baffin Island Beavers batting - Pitching for New Orleans Looters : RHP Marty Bradford
Batting: LHB Mike MacFadden 0-0: Ball
1-0: Foul Ball, location: 2F
1-1: Called Strike
1-2: Foul Ball, location: 2F
1-2: Ball
2-2: Ball
3-2: Ground out 6-3 (Groundball, 6)
Batting: RHB Raúl Soto 0-0: Called Strike
0-1: SINGLE (Groundball, 34D)
Batting: RHB Mario López 0-0: Ball
1-0: Ball
2-0: Called Strike
2-1: Ball
3-1: Fly out, F7 (Flyball, 7S)
Batting: LHB Javier Orozco 0-0: Swinging Strike
0-1: Ball
1-1: Foul Ball, location: 2F
1-2: Reached on error, E1 (Groundball, P)
Raúl Soto to third
Batting: LHB Norberto Muńóz 0-0: Fly out, F9 (Line Drive, 9)
Bottom of the 5th over - 0 run(s), 1 hit(s), 1 error(s), 2 left on base; New Orleans 1 - Baffin Island 1
TOP OF THE 6TH
New Orleans Looters batting - Pitching for Baffin Island Beavers : RHP Jesse Little
Batting: RHB Stephen Shaw 0-0: Foul Ball, location: 2F
0-1: Foul Ball, location: 2F
0-2: Fly out, F5 (Line Drive, 56)
Batting: LHB Taylor Smith 0-0: Called Strike
0-1: Foul Ball, location: 2F
0-2: Fly out, F7 (Flyball, 78M)
Batting: RHB Francisco Ibarra 0-0: Fly out, F6 (Popup, 56)
Top of the 6th over - 0 run(s), 0 hit(s), 0 error(s), 0 left on base; New Orleans 1 - Baffin Island 1
BOTTOM OF THE 6TH
Baffin Island Beavers batting - Pitching for New Orleans Looters : RHP Marty Bradford
Batting: LHB Howard Evans 0-0: Called Strike
0-1: Foul Ball, location: 2F
0-2: Ball
1-2: Fly out, F7 (Flyball, 7LS)
Now in LF: Seung-chun Mun
Batting: RHB Tony Morton 0-0: Called Strike
0-1: Ground out 5-3 (Groundball, 56)
Batting: LHB Chris Bates 0-0: Fly out, F8 (Flyball, 8RXD)
Bottom of the 6th over - 0 run(s), 0 hit(s), 0 error(s), 0 left on base; New Orleans 1 - Baffin Island 1
TOP OF THE 7TH
New Orleans Looters batting - Pitching for Baffin Island Beavers : RHP Jesse Little
Batting: SHB Nate Rhodes 0-0: Ball
1-0: Foul Ball, location: 2F
1-1: Swinging Strike
1-2: Ball
2-2: Foul Ball, location: 2F
2-2: Foul Ball, location: 2F
2-2: Strikes out swinging
Batting: RHB Dave O'Loan 0-0: Called Strike
0-1: Called Strike
0-2: Foul Ball, location: 2F
0-2: Strikes out swinging
Batting: RHB Rubén Vázquez 0-0: Ball
1-0: Ground out 1-3 (Groundball, 13)
Top of the 7th over - 0 run(s), 0 hit(s), 0 error(s), 0 left on base; New Orleans 1 - Baffin Island 1
BOTTOM OF THE 7TH
Baffin Island Beavers batting - Pitching for New Orleans Looters : RHP Marty Bradford
Batting: RHB Dave Craig 0-0: Ground out 1-3 (Groundball, P)
Batting: LHB Mike MacFadden 0-0: Called Strike
0-1: Ball
1-1: Foul Ball, location: 2F
1-2: Ball
2-2: Ground out U3 (Groundball, 3L)
Batting: RHB Raúl Soto 0-0: Foul Ball, location: 2F
0-1: Foul Ball, location: 2F
0-2: Foul Ball, location: 2F
0-2: Ground out 1-3 (Groundball, 15)
Bottom of the 7th over - 0 run(s), 0 hit(s), 0 error(s), 0 left on base; New Orleans 1 - Baffin Island 1
TOP OF THE 8TH
New Orleans Looters batting - Pitching for Baffin Island Beavers : RHP Jesse Little
Batting: LHB Miguel Colón 0-0: Ground out 6-3 (Groundball, 6S)
Batting: RHB John Anderson 0-0: Called Strike
0-1: Foul Ball, location: 2F
0-2: Foul Ball, location: 2F
0-2: Strikes out swinging
Batting: SHB Arturo Sánchez 0-0: Ball
1-0: Swinging Strike
1-1: Called Strike
1-2: Foul Ball, location: 2F
1-2: Ball
2-2: Foul Ball, location: 2F
2-2: Ground out 5-3 (Groundball, 56)
Top of the 8th over - 0 run(s), 0 hit(s), 0 error(s), 0 left on base; New Orleans 1 - Baffin Island 1
BOTTOM OF THE 8TH
Baffin Island Beavers batting - Pitching for New Orleans Looters : RHP Marty Bradford
Pitching: RHP Ienobu Sato
Batting: RHB Mario López 0-0: Ground out 6-3 (Groundball, 6)
Pitching: LHP Tadao Yoshida
Pinch Hitting: RHB Pedro Molina 0-0: Ball
1-0: Ball
2-0: Ground out 6-3 (Groundball, 6)
Batting: LHB Norberto Muńóz 0-0: Ball
1-0: Ball
2-0: SINGLE (Groundball, 4S) (infield hit)
Pitching: RHP Roy March
Batting: LHB Howard Evans 0-0: Called Strike
0-1: Ball
1-1: Called Strike
1-2: Strikes out swinging
Bottom of the 8th over - 0 run(s), 1 hit(s), 0 error(s), 1 left on base; New Orleans 1 - Baffin Island 1
TOP OF THE 9TH
New Orleans Looters batting - Pitching for Baffin Island Beavers : RHP Jesse Little
Pitching: LHP Edgardo Guzmán
Now at 1B: Murdoch Norton
Batting: RHB Stephen Shaw 0-0: Foul Ball, location: 2F
0-1: Foul Ball, location: 2F
0-2: Ball
1-2: Foul Ball, location: 2F
1-2: Ball
2-2: Ball
3-2: Strikes out swinging
Pinch Hitting: RHB Tim Gardner 0-0: Foul Ball, location: 2F
0-1: Ball
1-1: Foul Ball, location: 2F
1-2: Foul Ball, location: 2F
1-2: Ball
2-2: SINGLE (Groundball, 4MD)
Batting: LHB Seung-chun Mun 0-0: Ball
1-0: Called Strike
1-1: Called Strike
1-2: Strikes out swinging
Pinch Hitting: RHB Jimmy Simon 0-0: SINGLE (Groundball, 34D)
Tim Gardner to second
Runner from 2nd tries for 3rd, SAFE, throw made to third
Batting: RHB Dave O'Loan 0-0: Ball
1-0: SINGLE (Line Drive, 6D)
Tim Gardner scores
Jimmy Simon to second
Batting: RHB Rubén Vázquez 0-0: Called Strike
0-1: Ball
1-1: Called Strike
1-2: Fly out, F9 (Flyball, 9LSF)
Top of the 9th over - 1 run(s), 3 hit(s), 0 error(s), 2 left on base; New Orleans 2 - Baffin Island 1
BOTTOM OF THE 9TH
Baffin Island Beavers batting - Pitching for New Orleans Looters : RHP Roy March
Pitching: LHP Juan Méndez
Now at 1B: Jimmy Simon
Now in RF: Francisco Vega
Batting: RHB Tony Morton 0-0: Foul Ball, location: 2F
0-1: Ball
1-1: SINGLE (Line Drive, 3)
Batting: LHB Chris Bates 0-0: Ball
1-0: Swinging Strike
1-1: Ball
2-1: Grounds into double play, 5-4-3 (Groundball, 5)
Batting: RHB Dave Craig 0-0: Called Strike
0-1: Foul Ball, location: 2F
0-2: Strikes out swinging
Bottom of the 9th over - 0 run(s), 1 hit(s), 0 error(s), 0 left on base; New Orleans 2 - Baffin Island 1
Thursday, March 30th, 2017 - OOTP Baseball 17.12 Build 75